AoeStats
← the_bgrad

Arabian Desert

509505924Analyzed
1v1 RM · 5d ago on Sep 27, 2026· 43m 17s· 2 players
Game mode
Random Map
Map size
Tiny (2 player)
Population
200
Speed
Normal
Resources
Standard
Victory
Conquest
Starting age
Dark Age
Ending age
Imperial Age
RankedLock teamsTeams togetherTeam positionsShared explorationLock speedFull tech treeHidden civsTurbo modeCheats
Victory
Defeat
🇨🇱 Spanish · Chile
840
+15
🇦🇷 Saxons · Argentina
829
-15
TVHG. Polac0 crhistF*-
6:44 Loom
8:57 Feudal Age
11:10 Double-Bit Axe
21:42 Castle Age
21:05 Horse Collar
21:25 Fletching
24:06 Squires
23:53 Gambesons
26:47 Bodkin Arrow
30:06 Imperial Age
27:48 Padded Archer Armor
29:03 Bow Saw
29:15 Leather Archer Armor
30:46 Wheelbarrow
30:17 Scale Mail Armor
30:52 Bracer
32:32 Elite Skirmisher
34:02 Chain Mail Armor
37:14 Scale Barding Armor
37:21 Thumb Ring
37:47 Cavalier
38:44 Bloodlines
38:35 Husbandry
43:17 Ballistics
44:00 Chemistry
the_bgrad
7:16 Loom
9:59 Feudal Age
12:18 Double-Bit Axe
19:59 Castle Age
20:13 Horse Collar
31:32 Imperial Age
30:16 Bow Saw
30:50 Heavy Plow
34:37 Wheelbarrow
38:21 Two-Man Saw
38:28 Gold Mining
38:32 Stone Mining
39:02 Hand Cart
39:37 Bloodlines
39:52 Light Cavalry
42:02 Elite Conquistador
Connection lost

Rejoining the realm…

Still unreachable

The connection could not be restored.

Session expired

The server has moved on; the page needs a fresh start.